 Dungeon Crawl Stone Soup version 0.26.1-2-gb8aa6d0cf2 (webtiles) character file.

Game seed: 13611345383379685982

23758 Gauvater the Cleaver (level 12, -8/104 (110) HPs)
             Began as a Palentonga Fighter on Feb 11, 2021.
             Was an Elder of Wu Jian.
             Killed from afar by an orc sorcerer (14 damage)
             ... with a bolt of negative energy
             ... while paralysed by an orc sorcerer
             ... on level 1 of the Orcish Mines on Feb 12, 2021.
             The game lasted 01:55:37 (25994 turns).

Gauvater the Cleaver (Palentonga Fighter)          Turns: 25994, Time: 01:55:37

HP:   -8/104 (110)  AC: 19    Str: 26    XL:     12   Next: 74%
MP:   12/12         EV:  1    Int:  8    God:    Wu Jian [****..]
Gold: 327           SH:  0    Dex:  9    Spells: 11/11 levels left

rFire    . . .     SeeInvis +   k - +2 whip (flame)
rCold    . . .     Faith    .   c - +4 kite shield
rNeg     . . .     Spirit   .   u - +0 plate armour
rPois    .         Reflect  .   D - +1 hat
rElec    .         Harm     .   (no cloak)
rCorr    .         Rampage  .   (no gloves)
Will     .....                  (no barding)
Stlth    ..........             L - amulet of regeneration
HPRegen  0.67/turn              b - ring of stealth
MPRegen  0.13/turn              v - +4 ring of evasion

@: paralysed, lethally poisoned (-8 -> -14), drained, curled up
A: large, rugged brown scales 3, see invisible, deformed body, roll 1, armoured
tail, reflexive curl
a: Rolling Charge, Renounce Religion, Wall Jump, Serpent's Lash


You were on level 1 of the Orcish Mines.
You worshipped Wu Jian.
Wu Jian was greatly pleased with you.
You visited 4 branches of the dungeon, and saw 17 of its levels.
You visited the Abyss 1 time.
You also visited: Sewer.

You collected 795 gold pieces.
You spent 468 gold pieces at shops.

Inventory:

Hand Weapons
 a - a +0 war axe
 k - a +2 whip of flaming (weapon)
 y - a +3 hand axe
 K - a +1 dagger of holy wrath
 M - a +0 short sword of electrocution
Missiles
 m - 150 arrows
 o - 309 stones
 q - 118 bolts
 r - 63 poisoned darts
 H - 22 boomerangs
 I - 28 sling bullets
Armour
 c - a +4 kite shield (worn)
 u - a +0 plate armour (worn)
 D - a +1 hat (worn)
Jewellery
 b - a ring of stealth (left hand)
 g - an uncursed ring of fire
 v - a +4 ring of evasion (right hand)
 G - an uncursed ring of willpower
 L - an amulet of regeneration (around neck)
 Q - an uncursed amulet of magic regeneration
Wands
 j - a wand of flame (41)
 p - a wand of iceblast (29)
 w - a wand of paralysis (28)
 x - a wand of polymorph (9)
 C - a wand of random effects (56)
 O - a wand of acid (7)
Scrolls
 d - a scroll of immolation
 f - a scroll of magic mapping
 h - 11 scrolls of remove curse
 n - 3 scrolls of teleportation
 B - a scroll of blinking
Potions
 e - a potion of magic
 i - a potion of berserk rage
 l - 2 potions of flight
 s - a potion of heal wounds
 t - 4 potions of brilliance
 z - a potion of mutation
 A - a potion of cancellation
 E - a potion of lignification
 J - 5 potions of curing
 N - 2 potions of ambrosia
 P - a potion of might


   Skills:
 * Level 8.8 Fighting
 + Level 3.9 Short Blades
 + Level 9.9 Axes
 + Level 1.3 Throwing
 + Level 7.0 Armour
 + Level 4.9 Dodging
 * Level 6.2 Stealth
 + Level 7.3 Shields
 * Level 7.3 Evocations


You had 11 spell levels left.
You didn't know any spells.
Your spell library contained the following spells:

 Spells                   Type           Power        Failure   Level
 Magic Dart               Conj           0%           100%        1
 Sandblast                Erth           0%           100%        1
 Shock                    Conj/Air       0%           100%        1
 Sting                    Tmut/Pois      0%           100%        1
 Searing Ray              Conj           0%           100%        2
 Swiftness                Air            0%           100%        2
 Dazzling Flash           Conj/Hex       0%           100%        3
 Spider Form              Tmut/Pois      0%           100%        3
 Static Discharge         Conj/Air       0%           100%        3
 Airstrike                Air            0%           100%        4
 Fulminant Prism          Conj/Hex       0%           100%        4
 Iskenderun's Mystic Bla  Conj/Tloc      0%           100%        4
 Blade Hands              Tmut           0%           100%        5
 Bolt of Magma            Conj/Fire/Erth 0%           100%        5
 Irradiate                Conj/Tmut      0%           100%        5
 Lightning Bolt           Conj/Air       0%           100%        5


Dungeon Overview and Level Annotations

Branches:
Dungeon (13/15)            Temple (1/1) D:7            Lair (1/6) D:11
    Orc (2/2) D:11          Sewer (visited)
    Elf: Orc:2       Vaults: D:13-14

Altars:
Ashenzari
Cheibriados
Dithmenos
Elyvilon
Fedhas
Gozag
Hepliaklqana
Kikubaaqudgha
Ru
Sif Muna
Trog
Uskayaw
Vehumet
Wu Jian
Xom
Yredelemnul
Zin

Shops:
D:6 !   D:9 (   D:11 !   Orc:2 [

Annotations:
D:4 1 runed translucent door, kwass's ghost, novice HOFi
D:5 2 runed translucent doors, kalagan's ghost, novice DECj
D:9 3 runed translucent doors, lasso's ghost, novice GnCj


Innate Abilities, Weirdness & Mutations

You are completely covered in rugged brown scales. (AC +3, +7% HP)
You have supernaturally acute eyesight. (SInv)
Armour fits poorly on your strangely shaped body.
You can roll at nearby foes to attack.
You have a long armoured tail.
You curl defensively after being hit.


Message History

The orange demon stings you from afar.
* * * LOW HITPOINT WARNING * * *
The orc sorcerer gestures at you while chanting.
You suddenly lose the ability to move!
The orange demon stings you but does no damage.
The orange demon hits you.
* * * LOW HITPOINT WARNING * * *
The orange demon stings you from afar!
* * * LOW HITPOINT WARNING * * *
The orc sorcerer hits you but does no damage.
You feel drained.
The orange demon stings you but does no damage.
The orange demon hits you but does no damage.
The orange demon stings you from afar.
* * * LOW HITPOINT WARNING * * *
You are lethally poisoned!
The orange demon poisons you! The orc sorcerer casts a spell at you.
The bolt of negative energy hits you!
You feel drained.
You die...

##..................#
##................##
##................##
##..................##
#..............^.....#
##.....#............##
#.....###........#..## ##
##......)....##.###...###.
#.......4@[4[.#####..###..
##.......o[....###...#....
##.#.........###.#......#
###........##.........##
##................[.##
#............###...##
###...........####..##
##.............#[#<..#
#.................#.##


You could see 2 orange demons and an orc sorcerer.

Vanquished Creatures
  2 two-headed ogres
  A death yak (D:11)
  2 orc high priests
  3 skeletal warriors
  2 wizards
  A necromancer (D:13)
  Pikel (D:6)
  3 orc sorcerers (Orc:1)
  3 centaur zombies
  2 cyclopes
  An ancient zyme (Abyss:3)
  4 trolls
  A shadow (D:12)
  A wyvern (D:10)
  A large abomination (Abyss:3)
  A vampire (D:10)
  9 yaks
  17 humans
  4 vampire mosquitoes (D:13)
  2 basilisks (D:10)
  A warg (D:11)
  2 acid dragons
  A water moccasin (D:8)
  2 soldier ants (D:10)
  Duvessa (D:7)
  A hornet zombie (D:12)
  8 orc warriors
  7 ice beasts
  2 black bears
  3 phantoms
  2 sky beasts
  10 ogres
  3 wolves
  A centaur (D:10)
  3 big kobolds
  8 bullfrogs
  A wyvern zombie (D:12)
  A water moccasin zombie (D:6)
  A wyvern skeleton (D:7)
  2 scorpions
  Dowan (D:7)
  9 killer bees
  3 howler monkeys
  9 hounds
  7 orc priests
  2 bullfrog zombies
  2 jellies
  4 centaur skeletons
  8 orc wizards
  3 bullfrog skeletons
  A gnoll shaman (D:7)
  6 iguanas
  10 worker ants
  A bullfrog simulacrum (D:12)
  3 centaur simulacra (D:12)
  2 hound zombies
  5 hound skeletons
  A worker ant zombie (D:6)
  9 gnolls
  A howler monkey skeleton (D:6)
  7 river rats (Sewer)
  16 adders
  A shadow imp (D:6)
  4 white imps
  An ufetubus (D:12)
  6 oozes
  2 adder zombies
  An adder skeleton (D:6)
  5 worms
  2 dart slugs
  11 leopard geckos
  37 orcs
  5 giant cockroaches
  11 goblins
  9 hobgoblins
  15 jackals
  28 kobolds
  6 quokkas
  7 ball pythons
  A ball python skeleton (D:4)
  10 bats
  10 frilled lizards
  A giant cockroach zombie (D:6)
  A jackal skeleton (D:4)
  A jackal zombie (D:6)
  A leopard gecko skeleton (D:6)
  A leopard gecko zombie (D:5)
  3 quokka skeletons
  28 rats
439 creatures vanquished.

Vanquished Creatures (others)
  10 fungi
  3 plants (D:4)
  7 withered plants (D:6)
20 creatures vanquished.

Grand Total: 459 creatures vanquished

Notes
Turn   | Place    | Note
-------+----------+-------------------------------------------
     0 | D:1      | Gauvater the Palentonga Fighter began the quest for the
                  | Orb.
     0 | D:1      | Reached XP level 1. HP: 20/20 MP: 1/1
     1 | D:1      | Found a runed translucent door.
   204 | D:1      | Reached XP level 2. HP: 24/27 MP: 2/2
   322 | D:1      | You fall into a shaft and drop 1 floor!
   992 | D:1      | Reached XP level 3. HP: 29/33 MP: 3/3
  1355 | D:1      | Reached skill level 3 in Axes
  1662 | D:2      | Reached XP level 4. HP: 40/40 MP: 4/4
  1998 | D:2      | Found a basalt altar of Yredelemnul.
  2988 | D:4      | Reached skill level 1 in Dodging
  2988 | D:4      | Reached XP level 5. HP: 47/48 MP: 5/5
  3303 | D:4      | Found a glowing drain.
  3307 | Sewer    | Entered a sewer
  3629 | Sewer    | Reached XP level 6. HP: 43/54 MP: 6/6
  3878 | Sewer    | Reached skill level 4 in Axes
  5023 | D:3      | Gained mutation: You curl defensively after being hit.
                  | [Palentonga growth]
  5023 | D:3      | Reached XP level 7. HP: 55/62 MP: 7/7
  5592 | D:3      | Found a broken altar of Ashenzari.
  5678 | D:3      | Reached skill level 5 in Axes
  5849 | D:3      | Found a sacrificial altar of Ru.
  5951 | D:3      | Found a bloodstained altar of Trog.
  6536 | D:4      | Reached skill level 1 in Stealth
  7101 | D:4      | Found a runed translucent door.
  7111 | D:4      | Noticed kwass's ghost (novice HOFi)
  7247 | D:4      | Reached XP level 8. HP: 70/70 MP: 8/8
  7499 | D:4      | Reached skill level 6 in Axes
  7825 | D:5      | Entered Level 5 of the Dungeon
  7878 | D:5      | Found a large runed translucent door.
  7880 | D:5      | Found a large runed translucent door.
  7881 | D:5      | Noticed kalagan's ghost (novice DECj)
  7960 | D:5      | Reached skill level 1 in Evocations
  9116 | D:6      | Noticed Pikel
  9148 | D:6      | Killed Pikel
  9149 | D:6      | Reached skill level 7 in Axes
  9149 | D:6      | Reached skill level 5 in Armour
  9149 | D:6      | Reached XP level 9. HP: 37/77 MP: 9/9
  9944 | D:6      | Found Hosonwet's Distillery.
 10566 | D:7      | Noticed Dowan
 10567 | D:7      | Noticed a troll
 10567 | D:7      | Noticed Duvessa
 10640 | D:7      | Killed a troll
 10654 | D:7      | Killed Dowan
 10667 | D:7      | Killed Duvessa
 11490 | D:7      | Found a staircase to the Ecumenical Temple.
 11729 | Temple   | Entered the Ecumenical Temple
 11736 | Temple   | Became a worshipper of the Wu Jian Council
 11822 | D:8      | Found an ancient bone altar of Kikubaaqudgha.
 11982 | D:8      | Reached skill level 5 in Fighting
 12207 | D:8      | Found a glowing silver altar of Zin.
 12209 | D:8      | Found a shadowy altar of Dithmenos.
 12237 | D:8      | Reached skill level 8 in Axes
 12548 | D:8      | Reached * piety under Wu Jian
 12767 | D:8      | Noticed a two-headed ogre
 12799 | D:8      | Killed a two-headed ogre
 12800 | D:8      | Reached skill level 5 in Shields
 12800 | D:8      | Reached XP level 10. HP: 28/86 MP: 10/10
 12920 | D:8      | Found a shimmering blue altar of Sif Muna.
 12925 | D:8      | Identified the Disquisition on Ashen Moulding
 13380 | D:9      | Noticed a two-headed ogre
 13991 | D:9      | Noticed a gargoyle
 13991 | D:9      | Noticed lasso's ghost (novice GnCj)
 13992 | D:9      | Found a runed translucent gate.
 13992 | D:9      | Found a runed translucent gate.
 13992 | D:9      | Found a runed translucent gate.
 14032 | D:9      | Noticed a six-headed hydra
 14141 | D:9      | Killed a two-headed ogre
 14403 | D:9      | Found Koh Fato's Antique Weapon Boutique.
 14734 | D:9      | Noticed a cyclops
 15170 | D:9      | Found a hazy altar of Hepliaklqana.
 15215 | D:9      | Killed a cyclops
 15216 | D:9      | Reached skill level 5 in Evocations
 15585 | D:10     | Entered Level 10 of the Dungeon
 15926 | D:10     | Reached skill level 1 in Short Blades
 16338 | D:10     | Reached ** piety under Wu Jian
 16339 | D:10     | Reached XP level 11. HP: 85/95 MP: 11/11
 16946 | D:11     | Noticed a two-headed ogre
 17113 | D:11     | Found a staircase to the Orcish Mines.
 17365 | D:11     | Noticed a skeletal warrior
 17365 | D:11     | Noticed a skeletal warrior
 17365 | D:11     | Noticed a skeletal warrior
 18011 | D:9      | Killed a skeletal warrior
 18377 | D:9      | Killed a skeletal warrior
 18378 | D:9      | Reached skill level 9 in Axes
 18857 | D:11     | Reached skill level 5 in Stealth
 18906 | D:11     | Found a staircase to the Lair.
 18941 | D:11     | Found an opulent altar of Gozag.
 18956 | D:11     | Reached skill level 1 in Throwing
 19218 | D:11     | Noticed a death yak
 19431 | D:11     | Killed a death yak
 19619 | D:11     | Found Soonowes's Distillery.
 19624 | D:11     | Bought a potion of berserk rage for 90 gold pieces
 19624 | D:11     | Bought 2 potions of heal wounds for 180 gold pieces
 19624 | D:11     | Bought a potion of might for 72 gold pieces
 19624 | D:11     | Bought a potion of curing for 54 gold pieces
 19624 | D:11     | Bought a potion of might for 72 gold pieces
 20111 | D:11     | Killed a skeletal warrior
 20713 | D:12     | Reached *** piety under Wu Jian
 21923 | D:13     | Reached XP level 12. HP: 108/108 MP: 12/12
 22521 | D:13     | Paralysed by a wizard for 4 turns
 22684 | D:12     | Reached **** piety under Wu Jian
 22728 | D:13     | Cast into level 3 of the Abyss (a wizard)
 22879 | Abyss:3  | HP: 1/109 [large abomination (38)]
 22931 | D:13     | Escaped the Abyss
 22949 | D:13     | Noticed a vault guard
 23007 | Orc:1    | Entered Level 1 of the Orcish Mines
 23008 | Orc:1    | Noticed an orc high priest
 23104 | D:11     | Killed an orc high priest
 23568 | Orc:1    | Paralysed by an orc sorcerer for 7 turns
 23922 | Orc:2    | Entered Level 2 of the Orcish Mines
 23932 | Orc:2    | Found Boyss's Antique Armour Emporium.
 23969 | Orc:1    | HP: 4/93 [ice devil[an orc sorcerer] (14)]
 24451 | Orc:2    | Noticed an orc high priest
 24475 | Orc:1    | Killed an orc high priest
 25030 | Lair:1   | Entered Level 1 of the Lair of Beasts
 25523 | Lair:1   | Noticed an eight-headed hydra
 25992 | Orc:1    | Paralysed by an orc sorcerer for 2 turns
 25994 | Orc:1    | Killed from afar by an orc sorcerer

Illustrated notes

Levels and vault maps discovered:
D:1:      dpeg_arrival_caged_fury, layout_rooms, minmay_misc_feat_cross
D:2:      layout_basic, overflow_temple_1_default, serial_forest,
          infiniplex_forest_straight_5, infiniplex_forest_lined_room_2,
          infiniplex_forest_straight_2, infiniplex_forest_straight_3,
          infiniplex_forest_straight_2
D:3:      minmay_recursive_quarters, layout_basic, lightli_temple_of_fire,
          nicolae_ru_sacrificial_ziggurat, lemuel_round_altar, serial_curves,
          eino_curves_02, eino_curves_03
D:4:      minmay_inner_zag, layout_loops_ring, gup_sewer_entry_bowl,
          ebering_ghost_reflecting_pool, minmay_lizard_king
D:5:      layout_basic, ebering_ghost_disaster_area, columned_hall_lemuel
D:6:      layout_loops_ring, serial_shops, kennysheep_mini_moat, serial_undead,
          serial_undead_c, serial_undead_c, serial_undead_e, serial_undead_b,
          uniq_pikel
D:7:      layout_cave_pods, temple_statues, enter_bailey_5, uniq_duvessa
D:8:      layout_loops_corners, old_standard_altar,
          nicolae_overflow_hidden_temple,
          chequers_temple_overflow_statue_of_worship, serial_park_tiny_pond
D:9:      layout_stronghold, nzn_hepliaklqana_mist_gate, gammafunk_ghost_split,
          serial_shops, shop, serial_glass, glass_columns_b, glass_columns_a
D:10:     layout_basic
D:11:     layout_stronghold, david_lair_generic, david_orc_3, basic_altar,
          serial_shops, kennysheep_little_box
D:12:     layout_roguey, serial_ice, serial_ice_n, serial_ice_a, serial_ice_e,
          serial_ice_h, serial_ice_o, serial_ice_b
D:13:     layout_roguey, grunt_vaults_entry_tiered, special_room
          [special_room_orc]
Temple:   cyrus_circular_temple
Lair:1:   layout_loops_ring
Orc:1:    layout_caves, ebering_ghost_gozag
Orc:2:    grunt_orc_gardens, layout_diamond_mine, grunt_orc_garden,
          grunt_orc_garden, grunt_orc_garden, grunt_orc_garden, serial_shops,
          nicolae_shop_competitors_out_of_business

Skill      XL: |  1  2  3  4  5  6  7  8  9 10 11 12 |
---------------+-------------------------------------+-----
Axes           | 3 4 5 7 8 9 |  9.9
Armour         | 3 4 5 6 7 |  7.0
Dodging        | 1 2 3 4 |  4.9
Shields        | 3 4 5 6 7 |  7.3
Stealth        | 1 2 3 4 5 6 |  6.2
Fighting       | 4 5 6 7 8 |  8.8
Evocations     | 2 4 5 6 7 |  7.3
Short Blades   | 1 2 3 |  3.9
Throwing       | 1 |  1.3

Action                   |  1- 3 |  4- 6 |  7- 9 | 10-12 || total
-------------------------+-------+-------+-------+-------++-------
Melee: War axe           |   133 |   187 |   105 |       ||   425
       Tailslap          |    12 |    19 |    64 |   209 ||   304
       Hand axe          |       |       |   451 |   672 ||  1123
       Short sword       |       |       |       |   533 ||   533
       Dagger            |       |       |       |    99 ||    99
       Whip              |       |       |       |    62 ||    62
Throw: Dart              |       |       |    15 |    19 ||    34
       Boomerang         |       |       |       |     1 ||     1
Invok: Lunge             |       |       |     6 |    14 ||    20
       Whirlwind         |       |       |     3 |   208 ||   211
       Serpent's Lash    |       |       |       |     1 ||     1
 Abil: Rolling Charge    |    14 |    21 |    54 |    79 ||   168
       Wall Jump         |       |       |       |   117 ||   117
Evoke: Wand              |       |       |     2 |    11 ||    13
  Use: Scroll            |       |     2 |    12 |    16 ||    30
       Potion            |       |       |     9 |    11 ||    20
 Stab: Distracted        |       |       |     1 |       ||     1
       Paralysed         |       |       |       |     8 ||     8
Armor: Scale mail        |    66 |   107 |   149 |   169 ||   491
       Skin              |       |       |       |    62 ||    62
       Plate armour      |       |       |       |    20 ||    20
Dodge: Dodged            |    23 |    72 |   201 |   517 ||   813
Block: Kite shield       |    74 |   101 |   279 |   710 ||  1164
